Map: Dusk Towers

Players

lesha - Winner!

  • Race: Terran Terran
  • League: Silver

LION

  • Race: Zerg Zerg
  • League: Silver

VOD

Have the link to the VOD?

Description

Time

  • Played on: Dec. 26, 2015, 12:47 a.m.
  • Length: 7:03
Show
View Real Time Build Order
Export as new Build Order

lesha Terran - Winner!

Build Orders: Reaper Expand 

Get SALT Encoding   

  12  0:01  SCV  
  13  0:13  SCV  
  14  0:18  Supply Depot  
  14  0:25  SCV  
  15  0:39  SCV  
  15  0:40  Barracks  
  16  0:46  Refinery  
  16  0:51  SCV  
  17  1:03  SCV  
  18  1:15  SCV  
  19  1:31  Reaper  
  20  1:34  Command Center  
  20  1:36  SCV  
  21  1:50  Supply Depot  
  21  1:57  Orbital Command  
  21  2:03  Refinery  
  21  2:06  Marine  
  22  2:26  SCV  
  23  2:39  SCV  
  23  2:51  SCV  
  24  2:53  Factory  
  24  2:57  Barracks Reactor  
  24  2:58  Barracks  
  24  3:01  Barracks  
  24  3:06  Orbital Command  
  24  3:07  SCV  
  25  3:19  SCV  
  26  3:20  Supply Depot x2  
  26  3:34  Marine x2  
  26  3:38  SCV x2  
  30  3:50  SCV x2, Barracks Tech Lab  
  30  3:51  Barracks Reactor, Factory Reactor  
  30  3:54  Marine  
  30  3:55  Marine  
  34  4:05  SCV x2, Starport  
  37  4:12  Marauder  
  37  4:14  Marine x2  
  37  4:16  Stimpack  
  40  4:18  SCV x2  
  42  4:29  Engineering Bay, Marine  
  42  4:30  SCV, Marine  
  42  4:31  SCV  
  46  4:37  Marine x2  
  48  4:38  Marine  
  49  4:47  Marine x2  
  49  4:48  Factory Reactor  
  49  4:52  Medivac x2  
  55  4:57  Marine x2  
  55  4:59  Marine  
  58  5:01  Terran Infantry Weapons Level 1  
  58  5:11  Marine x2  
  58  5:13  Barracks  
  60  5:14  Barracks  
  60  5:27  Medivac  
  62  5:41  Supply Depot  
  62  5:43  Supply Depot  
  62  5:48  Refinery  
  62  5:50  Refinery  
  62  6:02  SCV x2, Marine x5  
  69  6:20  Marine x3  
  69  6:26  Marine  
  69  6:27  Marine x3  
  73  6:38  Marine  
  78  6:44  Marine  
  78  6:46  Supply Depot  
  78  6:48  Supply Depot  
  78  6:50  Supply Depot  
  78  6:51  Supply Depot  
Show
View Real Time Build Order
Export as new Build Order

LION Zerg 

Build Orders: Hatch First 

Get SALT Encoding   

  12  0:02  Drone  
  13  0:12  Overlord  
  13  0:19  Drone  
  14  0:24  Extractor  
  14  0:25  Drone  
  15  0:33  Drone  
  16  0:54  Hatchery  
  15  1:06  Drone  
  15  1:07  Drone  
  17  1:14  Spawning Pool  
  17  1:18  Drone, Extractor  
  15  1:23  Drone  
  17  1:30  Drone  
  19  1:40  Drone  
  19  1:51  Overlord  
  19  2:03  Queen  
  19  2:07  Drone  
  19  2:08  Roach Warren  
  21  2:10  Extractor  
  21  2:11  Drone  
  22  2:15  Zergling x2  
  22  2:23  Drone  
  22  2:29  Drone  
  24  2:47  Zergling x4  
  26  2:54  Queen  
  26  2:56  Drone x2  
  26  2:57  Extractor  
  29  2:59  Drone  
  30  3:07  Metabolic Boost  
  30  3:11  Overlord  
  30  3:14  Drone  
  31  3:22  Drone x3  
  31  3:26  Drone  
  36  3:36  Drone x2  
  36  3:37  Drone  
  38  3:49  Drone  
  39  4:02  Lair  
  39  4:05  Hatchery, Drone  
  39  4:07  Drone  
  40  4:10  Drone  
  40  4:16  Overlord  
  41  4:17  Drone  
  41  4:19  Drone  
  43  4:38  Roach x4  
  45  4:39  Overlord  
  45  4:44  Drone  
  52  4:46  Extractor  
  51  5:04  Drone x2, Hydralisk Den  
  51  5:06  Evolution Chamber  
  51  5:07  Drone x4  
  55  5:14  Drone x4  
  59  5:15  Infestation Pit  
  59  5:20  Overseer  
  58  5:23  Drone  
  58  5:24  Queen  
  61  5:28  Overseer  
  61  5:36  Hydralisk, Muscular Augments  
  61  5:40  Hydralisk  
  65  5:58  Overlord x2  
  63  6:09  Hydralisk  
  63  6:10  Hydralisk x2  
  60  6:18  Hydralisk  
  60  6:19  Hydralisk x5  
  59  6:45  Zergling x2  
  59  6:46  Zergling x2  
Tags
 
Add a new tag
Caveats
  • Supply blocks, unpowered buildings, or Contaminate may cause inaccurate times.
  • Supply counts are checked every 10 seconds.